 Dungeon Crawl Stone Soup version 0.31-a0-174-g85c54bcb58 (webtiles) character file.

Game seed: 12769964319370377600

8141 qw the Cleaver (level 11, -8/71 HPs)
             Began as a Gargoyle Fighter on June 15, 2023.
             Mangled by Harold
             ... wielding a +0 long sword
              (12 damage)
             ... on level 9 of the Dungeon.
             The game lasted 00:06:08 (9250 turns).

qw the Cleaver (Gargoyle Fighter)                   Turns: 9250, Time: 00:06:08

Health: -8/71      AC: 28    Str: 25    XL:     11   Next: 26%
Magic:  11/11      EV: 12    Int:  8    God:
Gold:   552        SH:  4    Dex:  9    Spells: 10/10 levels left

rFire   . . .        Y - +1 war axe
rCold   . . .        c - +0 buckler
rNeg    + . .        i - +0 plate armour
rPois   inf          m - +0 helmet
rElec   +            a - +0 cloak
rCorr   .            k - +0 pair of gloves
SInv    .            n - +1 pair of boots
Will    .....        (no amulet) Stlth
                     q - +4 ring of protection
HPRegen 0.31/turn    o - +5 ring of evasion
MPRegen 0.12/turn

%: no passive effects
@: marked, corroded
A: sickness immunity, AC +8, negative energy resistance 1, electricity
resistance, torment resistance 1, petrification resistance
a: no special abilities


You were on level 9 of the Dungeon.
You visited 2 branches of the dungeon, and saw 10 of its levels.

You collected 552 gold pieces.


Innate Abilities, Weirdness & Mutations

You are immune to sickness and miasma.
Your stone body is resilient. (AC +8)
You are immune to poison.
You resist negative energy. (rN+)
You are resistant to electric shocks. (rElec)
You are resistant to unholy torment.
You are immune to petrification.


   Skills:
 - Level 9.0 Fighting
 + Level 11.6 Axes
 - Level 2.0 Throwing
 - Level 9.0 Armour
 - Level 1.0 Dodging
 - Level 5.2 Shields


You had 10 spell levels left.
You didn't know any spells.
Your spell library was empty.

Inventory:

Hand Weapons
 f - a +0 flail
 l - a +2 morningstar of draining
 Y - a +1 war axe (weapon)
Missiles
 t - 3 boomerangs
 v - 2 silver boomerangs (quivered)
Armour
 a - a +0 cloak (worn)
 c - a +0 buckler (worn)
 i - a +0 plate armour (worn)
 k - a +0 pair of gloves (worn)
 m - a +0 helmet (worn)
 n - a +1 pair of boots (worn)
Jewellery
 b - a ring of protection from cold
 o - a +5 ring of evasion (right hand)
 q - a +4 ring of protection (left hand)
Wands
 h - a wand of digging (2)
Scrolls
 e - 3 scrolls of teleportation {unknown}
 r - a scroll of identify
 u - a scroll of brand weapon {unknown}
 w - a scroll of noise {unknown}
Potions
 d - a potion of might
 g - a potion of curing
 j - a potion of haste
 p - 2 potions of cancellation
 s - a potion of lignification

Dungeon Overview and Level Annotations

Branches:
Dungeon (9/15)             Temple (1/1) D:7            Lair (0/5) D:8
    Orc: D:9-12

Altars:
Ashenzari
Cheibriados
Dithmenos
Elyvilon
Fedhas
Gozag
Hepliaklqana
Kikubaaqudgha
Makhleb
Nemelex Xobeh
Qazlal
Ru
Trog
Uskayaw
Vehumet
Wu Jian
Xom
Yredelemnul
Zin
The Shining One

Shops:
D:2 [

Annotations:
D:3 exclusion: 2 goblins
D:4 1 runed translucent door, Crazy Yiuf
D:9 Harold


Message History

The acid corrodes you!
You barely miss Harold.
Harold is moderately wounded.
Harold misses you.
You slash Harold!
Harold is heavily wounded.
Harold hits you but does no damage.
You hit Harold but do no damage.
Harold is heavily wounded.
Harold hits you with a +0 long sword!
You hit Harold but do no damage.
Harold is heavily wounded.
Harold hits you with a +0 long sword!
You hit Harold.
Harold is heavily wounded.
Harold hits you but does no damage.
You hit Harold.
Harold is severely wounded.
Harold zaps a wand.
The bolt of acid misses you.
You hit Harold but do no damage.
Harold is severely wounded.
Harold considers, "I think I'll use your bounty to get a fishing boat..."
Harold hits you with a +0 long sword!
You slash Harold!
Harold is almost dead.
You block Harold's attack.
You hit Harold but do no damage.
Harold is almost dead.
Harold gestures at you while chanting. The mark upon you grows brighter.
You barely miss Harold.
Harold is almost dead.
Harold hits you but does no damage.
You hit Harold but do no damage.
Harold is almost dead.
Harold zaps a wand.
The bolt of acid misses you.
You hit Harold.
Harold is almost dead.
Harold hits you with a +0 long sword!
You die...

##.......###.....#.....
#........#.......#.....
#........#.....###.....
#........#.....#.......
#........'..##'#...####
#........####......#...
#..................#...
#....#%#########...'...
#... #@%...... #...#..#
#$. #@....... #...##.#
#........ #....#.#
#........ #....#.#
#.#........ #)..##.#
#.###########.).#..#
#...............#..#
#...............#...
#...............####


You could see Harold.

Vanquished Creatures
  A two-headed ogre (D:9)
  Maggie (D:8)
  A hornet (D:7)
  A vampire (D:9)
  Sigmund (D:2)
  11 yaks (D:9)
  A wyvern (D:9)
  4 vampire mosquitoes (D:9)
  Menkaure (D:5)
  An acid dragon (D:9)
  2 water moccasins
  2 orc warriors (D:8)
  A sky beast (D:7)
  A black bear (D:8)
  An ice beast (D:7)
  2 ogres
  6 centaurs
  4 bullfrogs
  3 phantoms
  2 kobold brigands (D:8)
  9 scorpions
  6 killer bees (D:7)
  2 howler monkeys (D:9)
  6 hounds
  3 jellies
  8 orc priests
  A gnoll bouda (D:8)
  5 iguanas
  2 sleepcaps
  Jessica (D:2)
  11 orc wizards
  Robin (D:3)
  14 gnolls
  11 adders
  A shadow imp (D:8)
  4 white imps
  2 dart slugs (D:3)
  45 orcs
  8 bats
  16 endoplasms
  6 giant cockroaches
  16 goblins
  8 hobgoblins
  10 jackals
  20 kobolds
  6 quokkas
  8 ball pythons
  4 frilled lizards
  7 rats
288 creatures vanquished.

Notes
Turn   | Place    | Note
-------+----------+-------------------------------------------
     0 | D:1      | qw the Gargoyle Fighter began the quest for the Orb.
     0 | D:1      | Reached XP level 1. HP: 14/14 MP: 1/1
     0 | D:1      | 0 ||| qw: Version: 0.2-a-29-g511e9b1
     0 | D:1      | 0 ||| qw: Game counter: 5443
     0 | D:1      | 0 ||| qw: Always use a shield: true
     0 | D:1      | 0 ||| qw: God list: Okawaru
     0 | D:1      | 0 ||| qw: Allow faded altars: false
     0 | D:1      | 0 ||| qw: Do Orc after D:15 true
     0 | D:1      | 0 ||| qw: Do second Lair branch before Depths: true
     0 | D:1      | 0 ||| qw: Lair rune preference: random
     0 | D:1      | 0 ||| qw: Plans: Normal, Zot:1-4, Slime:5, God:TSO, Crypt,
                  | Tomb, Abyss, Pan, Hells, Win
     0 | D:1      | 0 ||| PLANNING D:1-11
    27 | D:1      | Reached skill level 2 in Axes
    54 | D:1      | 54 ||| Stepping ~*~*~tactically~*~*~ (stealth).
    55 | D:1      | 55 ||| Stepping ~*~*~tactically~*~*~ (stealth).
    61 | D:1      | 61 ||| Stepping ~*~*~tactically~*~*~ (stealth).
    62 | D:1      | 62 ||| Stepping ~*~*~tactically~*~*~ (stealth).
   109 | D:1      | Reached XP level 2. HP: 19/19 MP: 2/2
   198 | D:1      | 198 ||| Stepping ~*~*~tactically~*~*~ (stealth).
   215 | D:1      | 215 ||| Stepping ~*~*~tactically~*~*~ (stealth).
   216 | D:1      | 216 ||| Stepping ~*~*~tactically~*~*~ (stealth).
   294 | D:1      | Reached skill level 3 in Axes
   341 | D:1      | 341 ||| Stepping ~*~*~tactically~*~*~ (stealth).
   364 | D:1      | Reached XP level 3. HP: 22/23 MP: 3/3
   395 | D:1      | You fall into a shaft and drop 1 floor!
   462 | D:2      | 462 ||| Stepping ~*~*~tactically~*~*~ (stealth).
   490 | D:2      | Found Vem Teff's Armour Shop.
   528 | D:2      | Noticed Jessica
   529 | D:2      | 529 ||| Stepping ~*~*~tactically~*~*~ (hiding).
   538 | D:2      | Killed Jessica
   539 | D:2      | Reached skill level 4 in Axes
   539 | D:2      | Reached XP level 4. HP: 13/28 MP: 4/4
   557 | D:2      | 557 ||| Stepping ~*~*~tactically~*~*~ (stealth).
   558 | D:2      | 558 ||| Stepping ~*~*~tactically~*~*~ (stealth).
   582 | D:2      | 582 ||| Stepping ~*~*~tactically~*~*~ (stealth).
   584 | D:2      | 584 ||| Stepping ~*~*~tactically~*~*~ (stealth).
   585 | D:2      | 585 ||| Stepping ~*~*~tactically~*~*~ (stealth).
   590 | D:2      | 590 ||| Stepping ~*~*~tactically~*~*~ (stealth).
   593 | D:2      | 593 ||| Stepping ~*~*~tactically~*~*~ (stealth).
   594 | D:2      | 594 ||| Stepping ~*~*~tactically~*~*~ (stealth).
   646 | D:2      | 646 ||| SHOPLISTING +0 cloak (63 gold, have 53).
   646 | D:2      | 646 ||| SHOPLISTING +2 leather armour of fire resistance
                  | (266 gold, have 53).
   653 | D:2      | 653 ||| READING scroll labelled ETWEISTR PIUSOV.
   654 | D:2      | 654 ||| DRINKING 2 emerald potions.
   663 | D:2      | 663 ||| STAIRDANCE
  1143 | D:1      | 1143 ||| Stepping ~*~*~tactically~*~*~ (stealth).
  1403 | D:1      | 1403 ||| DROPPING +0 club.
  1471 | D:1      | 1471 ||| UPGRADING to +0 cloak.
  1476 | D:1      | 1476 ||| UPGRADING to +0 pair of gloves.
  1481 | D:1      | 1481 ||| DROPPING ring of magical power.
  1482 | D:1      | 1482 ||| UPGRADING to ring of protection from cold.
  1483 | D:1      | 1483 ||| READING scroll labelled LUEVVU KOIRANT.
  1636 | D:2      | Reached XP level 5. HP: 32/32 MP: 5/5
  1701 | D:2      | Reached skill level 5 in Axes
  1813 | D:2      | 1813 ||| DROPPING +0 mace.
  1913 | D:2      | 1913 ||| STAIRDANCE
  1965 | D:2      | 1965 ||| FLEEEEING.
  1966 | D:2      | 1966 ||| FLEEEEING.
  1967 | D:2      | 1967 ||| FLEEEEING.
  1968 | D:2      | 1968 ||| FLEEEEING.
  1969 | D:2      | 1969 ||| FLEEEEING.
  1970 | D:2      | 1970 ||| FLEEEEING.
  1971 | D:2      | 1971 ||| FLEEEEING.
  1976 | D:2      | 1976 ||| Stepping ~*~*~tactically~*~*~ (hiding).
  2019 | D:2      | 2019 ||| STAIRDANCE
  2161 | D:2      | Noticed Sigmund
  2162 | D:2      | 2162 ||| Stepping ~*~*~tactically~*~*~ (hiding).
  2163 | D:2      | 2163 ||| Stepping ~*~*~tactically~*~*~ (hiding).
  2170 | D:2      | Killed Sigmund
  2171 | D:2      | Reached XP level 6. HP: 40/40 MP: 6/6
  2295 | D:2      | 2295 ||| READING scroll labelled JEOWNI SIQOP.
  2311 | D:3      | Noticed Robin
  2315 | D:3      | Killed Robin
  2362 | D:3      | 2362 ||| Stepping ~*~*~tactically~*~*~ (hiding).
  2363 | D:3      | 2363 ||| Stepping ~*~*~tactically~*~*~ (hiding).
  2364 | D:3      | 2364 ||| Stepping ~*~*~tactically~*~*~ (hiding).
  2365 | D:3      | 2365 ||| Stepping ~*~*~tactically~*~*~ (hiding).
  2372 | D:3      | HP: 10/40 [gnoll/+0 spear (3)]
  2373 | D:3      | Reached skill level 1 in Dodging
  2538 | D:3      | Reached XP level 7. HP: 44/44 MP: 7/7
  2542 | D:3      | 2542 ||| FLEEEEING.
  2543 | D:3      | 2543 ||| FLEEEEING.
  2605 | D:3      | 2605 ||| UPGRADING to +0 helmet.
  2667 | D:3      | Found a radiant altar of Vehumet.
  2816 | D:3      | 2816 ||| Stepping ~*~*~tactically~*~*~ (stealth).
  2839 | D:3      | Reached skill level 6 in Axes
  3033 | D:3      | 3033 ||| Stepping ~*~*~tactically~*~*~ (hiding).
  3557 | D:3      | 3557 ||| UPGRADING to +0 chain mail.
  3567 | D:3      | 3567 ||| DROPPING +0 scale mail.
  3568 | D:3      | 3568 ||| UPGRADING to +5 ring of evasion.
  3569 | D:3      | 3569 ||| DRINKING 2 bubbling yellow potions.
  3736 | D:4      | Found an opulent altar of Gozag.
  3874 | D:4      | HP: 11/44 [orc/+0 flail (2)]
  3879 | D:4      | Reached skill level 7 in Axes
  3912 | D:4      | 3912 ||| FLEEEEING.
  3913 | D:4      | 3913 ||| FLEEEEING.
  3914 | D:4      | 3914 ||| FLEEEEING.
  3915 | D:4      | 3915 ||| FLEEEEING.
  3916 | D:4      | 3916 ||| FLEEEEING.
  3917 | D:4      | 3917 ||| FLEEEEING.
  3918 | D:4      | 3918 ||| FLEEEEING.
  3919 | D:4      | 3919 ||| FLEEEEING.
  3920 | D:4      | 3920 ||| FLEEEEING.
  3924 | D:4      | 3924 ||| FLEEEEING.
  3925 | D:4      | 3925 ||| FLEEEEING.
  3926 | D:4      | 3926 ||| FLEEEEING.
  3927 | D:4      | 3927 ||| FLEEEEING.
  3928 | D:4      | 3928 ||| FLEEEEING.
  3929 | D:4      | 3929 ||| FLEEEEING.
  3930 | D:4      | 3930 ||| FLEEEEING.
  3931 | D:4      | 3931 ||| FLEEEEING.
  3937 | D:4      | 3937 ||| FLEEEEING.
  3938 | D:4      | 3938 ||| STAIRDANCE
  3999 | D:3      | 3999 ||| UPGRADING to +4 ring of protection.
  4001 | D:3      | 4001 ||| READING scroll labelled WYUMAUNAON.
  4022 | D:4      | Found a runed translucent door.
  4023 | D:4      | Noticed Crazy Yiuf
  4068 | D:4      | 4068 ||| Stepping ~*~*~tactically~*~*~ (stealth).
  4182 | D:4      | Reached XP level 8. HP: 47/49 MP: 8/8
  4591 | D:4      | 4591 ||| Stepping randomly (stuck).
  4615 | D:5      | Entered Level 5 of the Dungeon
  4617 | D:5      | Noticed Menkaure
  4625 | D:5      | Killed Menkaure
  4669 | D:5      | Reached skill level 8 in Axes
  4799 | D:5      | Reached skill level 6 in Fighting
  4970 | D:5      | Identified the +7 spear of Dargh {elec, rC+++ rN+ Str+2
                  | Int-3}
  5074 | D:5      | 5074 ||| Stepping ~*~*~tactically~*~*~ (stealth).
  5075 | D:5      | 5075 ||| Stepping ~*~*~tactically~*~*~ (stealth).
  5094 | D:5      | Reached skill level 9 in Axes
  5094 | D:5      | Reached XP level 9. HP: 55/55 MP: 9/9
  5102 | D:5      | Identified the +2 leather armour of the Game Afoot {rF+
                  | Str+2 Int+3}
  5183 | D:5      | 5183 ||| UPGRADING to +0 plate armour.
  5193 | D:5      | 5193 ||| DROPPING +0 chain mail.
  5194 | D:5      | 5194 ||| DRINKING 2 murky sapphire potions.
  5258 | D:6      | Reached skill level 1 in Throwing
  5405 | D:6      | 5405 ||| Stepping ~*~*~tactically~*~*~ (stealth).
  5571 | D:6      | 5571 ||| DRINKING 3 potions of curing.
  5571 | D:6      | 5571 ||| (to cure confusion)
  5592 | D:6      | Reached skill level 6 in Armour
  5719 | D:6      | 5719 ||| Stepping ~*~*~tactically~*~*~ (stealth).
  5720 | D:6      | Found a bloodstained altar of Trog.
  5721 | D:6      | 5721 ||| Stepping ~*~*~tactically~*~*~ (hiding).
  5933 | D:6      | Found a shadowy altar of Dithmenos.
  5969 | D:6      | 5969 ||| UPGRADING to +1 pair of boots.
  5974 | D:6      | 5974 ||| READING 3 scrolls of identify.
  5974 | D:6      | 5974 ||| IDENTIFYING fizzy inky potion
  5975 | D:6      | 5975 ||| READING 2 scrolls of identify.
  5975 | D:6      | 5975 ||| IDENTIFYING black potion
  5976 | D:6      | 5976 ||| DROPPING potion of brilliance.
  6078 | D:7      | 6078 ||| Stepping ~*~*~tactically~*~*~ (hiding).
  6213 | D:7      | Found a broken altar of Ashenzari.
  6237 | D:7      | 6237 ||| Stepping ~*~*~tactically~*~*~ (hiding).
  6239 | D:7      | 6239 ||| Stepping ~*~*~tactically~*~*~ (hiding).
  6241 | D:7      | 6241 ||| Stepping ~*~*~tactically~*~*~ (hiding).
  6242 | D:7      | 6242 ||| Stepping ~*~*~tactically~*~*~ (hiding).
  6243 | D:7      | 6243 ||| Stepping ~*~*~tactically~*~*~ (hiding).
  6244 | D:7      | 6244 ||| Stepping ~*~*~tactically~*~*~ (hiding).
  6245 | D:7      | 6245 ||| Stepping ~*~*~tactically~*~*~ (hiding).
  6246 | D:7      | 6246 ||| Stepping ~*~*~tactically~*~*~ (hiding).
  6363 | D:7      | 6363 ||| Stepping ~*~*~tactically~*~*~ (hiding).
  6375 | D:7      | 6375 ||| Stepping ~*~*~tactically~*~*~ (hiding).
  6398 | D:7      | 6398 ||| Stepping ~*~*~tactically~*~*~ (stealth).
  6404 | D:7      | 6404 ||| Stepping ~*~*~tactically~*~*~ (stealth).
  6406 | D:7      | 6406 ||| Stepping ~*~*~tactically~*~*~ (hiding).
  6429 | D:7      | 6429 ||| Stepping ~*~*~tactically~*~*~ (stealth).
  6472 | D:7      | 6472 ||| FLEEEEING.
  6473 | D:7      | 6473 ||| FLEEEEING.
  6474 | D:7      | 6474 ||| FLEEEEING.
  6475 | D:7      | 6475 ||| FLEEEEING.
  6638 | D:7      | Found a staircase to the Ecumenical Temple.
  6639 | D:7      | 6639 ||| PLANNING TEMPLE
  6644 | D:7      | 6644 ||| FLEEEEING.
  6645 | D:7      | 6645 ||| FLEEEEING.
  6646 | D:7      | 6646 ||| FLEEEEING.
  6647 | D:7      | 6647 ||| FLEEEEING.
  6648 | D:7      | 6648 ||| FLEEEEING.
  6649 | D:7      | 6649 ||| FLEEEEING.
  6653 | D:7      | 6653 ||| FLEEEEING.
  6654 | D:7      | 6654 ||| FLEEEEING.
  6655 | D:7      | 6655 ||| FLEEEEING.
  6656 | D:7      | 6656 ||| FLEEEEING.
  6657 | D:7      | 6657 ||| FLEEEEING.
  6658 | D:7      | 6658 ||| FLEEEEING.
  6659 | D:7      | 6659 ||| FLEEEEING.
  6660 | D:7      | 6660 ||| FLEEEEING.
  6661 | D:7      | 6661 ||| FLEEEEING.
  6662 | D:7      | 6662 ||| FLEEEEING.
  6663 | D:7      | 6663 ||| FLEEEEING.
  6672 | D:7      | 6672 ||| FLEEEEING.
  6673 | D:7      | 6673 ||| FLEEEEING.
  6683 | D:7      | 6683 ||| FLEEEEING.
  6684 | D:7      | 6684 ||| FLEEEEING.
  6685 | D:7      | 6685 ||| FLEEEEING.
  6686 | D:7      | 6686 ||| FLEEEEING.
  6687 | D:7      | 6687 ||| FLEEEEING.
  6688 | D:7      | 6688 ||| FLEEEEING.
  6689 | D:7      | 6689 ||| FLEEEEING.
  6690 | D:7      | 6690 ||| FLEEEEING.
  6718 | D:7      | 6718 ||| READING scroll labelled GIDEAS XEDI.
  6719 | D:7      | 6719 ||| READING scroll labelled FUKUKHLONIS.
  6719 | D:7      | Found a snail-covered altar of Cheibriados.
  6740 | Temple   | Entered the Ecumenical Temple
  6740 | Temple   | Found a transporter.
  6740 | Temple   | Found a transporter.
  6742 | Temple   | Found a transporter.
  6742 | Temple   | Found a transporter.
  6752 | Temple   | 6752 ||| PLANNING D:1-11
  6810 | D:7      | 6810 ||| Stepping ~*~*~tactically~*~*~ (hiding).
  6843 | D:7      | 6843 ||| FLEEEEING.
  6844 | D:7      | 6844 ||| FLEEEEING.
  6847 | D:7      | 6847 ||| FLEEEEING.
  6848 | D:7      | 6848 ||| FLEEEEING.
  6849 | D:7      | 6849 ||| FLEEEEING.
  6850 | D:7      | 6850 ||| FLEEEEING.
  6851 | D:7      | 6851 ||| FLEEEEING.
  6852 | D:7      | 6852 ||| FLEEEEING.
  6853 | D:7      | 6853 ||| FLEEEEING.
  6854 | D:7      | 6854 ||| STAIRDANCE
  6889 | D:6      | 6889 ||| READING 2 scrolls of identify.
  6889 | D:6      | 6889 ||| IDENTIFYING fuming golden potion
  6896 | D:7      | Reached XP level 10. HP: 59/63 MP: 10/10
  7246 | D:8      | 7246 ||| Stepping ~*~*~tactically~*~*~ (hiding).
  7253 | D:8      | 7253 ||| STAIRDANCE
  7265 | D:7      | Reached skill level 10 in Axes
  7445 | D:8      | 7445 ||| Stepping ~*~*~tactically~*~*~ (stealth).
  7447 | D:8      | 7447 ||| Stepping ~*~*~tactically~*~*~ (hiding).
  7450 | D:8      | 7450 ||| Stepping ~*~*~tactically~*~*~ (hiding).
  7621 | D:8      | Found a staircase to the Lair.
  7629 | D:8      | 7629 ||| Stepping ~*~*~tactically~*~*~ (stealth).
  7646 | D:8      | 7646 ||| Stepping ~*~*~tactically~*~*~ (hiding).
  7648 | D:8      | 7648 ||| Stepping ~*~*~tactically~*~*~ (hiding).
  7722 | D:8      | Noticed Maggie
  7723 | D:8      | 7723 ||| Stepping ~*~*~tactically~*~*~ (hiding).
  7745 | D:8      | Killed Maggie
  7747 | D:8      | 7747 ||| FLEEEEING.
  7750 | D:8      | HP: 11/64 [white imp/puff of frost (6)]
  7751 | D:8      | 7751 ||| DRINKING potion of heal wounds.
  7759 | D:8      | 7759 ||| FLEEEEING.
  7760 | D:8      | 7760 ||| FLEEEEING.
  7761 | D:8      | 7761 ||| FLEEEEING.
  7762 | D:8      | 7762 ||| FLEEEEING.
  7886 | D:8      | 7886 ||| Stepping ~*~*~tactically~*~*~ (stealth).
  7995 | D:8      | 7995 ||| Stepping ~*~*~tactically~*~*~ (stealth).
  7997 | D:8      | 7997 ||| Stepping ~*~*~tactically~*~*~ (hiding).
  7998 | D:8      | 7998 ||| Stepping ~*~*~tactically~*~*~ (hiding).
  8010 | D:8      | 8010 ||| Stepping ~*~*~tactically~*~*~ (stealth).
  8011 | D:8      | 8011 ||| Stepping ~*~*~tactically~*~*~ (stealth).
  8019 | D:8      | 8019 ||| Stepping ~*~*~tactically~*~*~ (stealth).
  8130 | D:8      | 8130 ||| READING scroll labelled FESINN TOAF.
  8174 | D:8      | 8174 ||| DRINKING 2 fizzy blue potions.
  8175 | D:8      | 8175 ||| DROPPING potion of degeneration.
  8243 | D:9      | 8243 ||| DRINKING 2 potions of curing.
  8243 | D:9      | 8243 ||| (to cure confusion)
  8320 | D:9      | Found a flagged portal.
  8422 | D:9      | 8422 ||| Stepping ~*~*~tactically~*~*~ (stealth).
  8430 | D:9      | 8430 ||| Stepping ~*~*~tactically~*~*~ (stealth).
  8452 | D:9      | Reached skill level 11 in Axes
  8582 | D:9      | 8582 ||| Stepping ~*~*~tactically~*~*~ (stealth).
  8603 | D:9      | 8603 ||| Stepping ~*~*~tactically~*~*~ (stealth).
  8693 | D:9      | 8693 ||| Stepping ~*~*~tactically~*~*~ (stealth).
  8709 | D:9      | Reached XP level 11. HP: 68/68 MP: 11/11
  8779 | D:9      | Reached skill level 9 in Fighting
  8785 | D:9      | Reached skill level 9 in Armour
  8889 | D:9      | Found a blossoming altar of Fedhas.
  9041 | D:9      | 9041 ||| Stepping ~*~*~tactically~*~*~ (hiding).
  9042 | D:9      | 9042 ||| Stepping ~*~*~tactically~*~*~ (hiding).
  9043 | D:9      | 9043 ||| Stepping ~*~*~tactically~*~*~ (hiding).
  9083 | D:9      | Noticed a two-headed ogre
  9092 | D:9      | Killed a two-headed ogre
  9219 | D:9      | Noticed Harold
  9241 | D:9      | HP: 17/71 [Harold/+0 long sword (7)]
  9242 | D:9      | HP: 8/71 [Harold/+0 long sword (9)]
  9245 | D:9      | HP: 2/71 [Harold/+0 long sword (7)]
  9250 | D:9      | Mangled by Harold

Levels and vault maps discovered:
D:1:      spicycebolla_arrival_ecumenical, layout_basic, minmay_distorted
D:2:      layout_basic, serial_shops, shop, serial_bayou_pond_c, uniq_sigmund,
          uniq_jessica
D:3:      kb_forest_paths, layout_basic, overflow_temple_1_default,
          kennysheep_okawaru_gauntlet, uniq_robin
D:4:      layout_rooms, nicolae_gozag_seed_capital, uniq_crazy_yiuf_cottage
D:5:      layout_rooms, dk_noncrumbling_3, uniq_menkaure
D:6:      layout_loops_cross, nicolae_dithmenos_through_a_glass_darkly,
          trog_hazing_becter, chequers_serial_rivers_micro_d
D:7:      layout_loops_ring, evilmike_ruin_ashenzari, chei_slow_surprise,
          minmay_temple_entry_statues, small_statue_intersection
D:8:      layout_rooms, lair_entry_dummy, minmay_circle_x, uniq_maggie
D:9:      layout_irregular_city, fedhas_altar_2, enter_bailey_3, uniq_harold
Temple:   hellmonk_temple_divided_pantheon

Skill      XL: |  1  2  3  4  5  6  7  8  9 10 11 |
---------------+----------------------------------+-----
Axes           | 2 3 4 5 7 9 11 | 11.6
Fighting       | 5 6 7 8 9 |  9.0
Dodging        | 1 |  1.0
Armour         | 4 7 8 9 |  9.0
Throwing       | 2 |  2.0
Shields        | 4 5 |  5.2

Action                     |  1- 3 |  4- 6 |  7- 9 | 10-12 || total
---------------------------+-------+-------+-------+-------++-------
  Melee: War axe           |   107 |   115 |   410 |   289 ||   921
  Throw: Javelin           |       |       |    49 |       ||    49
         Boomerang         |       |       |       |    37 ||    37
    Use: Scroll            |       |     3 |     6 |     1 ||    10
         Potion            |       |     1 |     3 |     3 ||     7
 Armour: Scale mail        |    62 |    59 |    41 |       ||   162
         Chain mail        |       |       |    71 |       ||    71
         Plate armour      |       |       |   138 |   203 ||   341
  Dodge: Dodged            |    45 |    53 |   238 |   174 ||   510
  Block: Buckler           |    22 |    21 |    68 |    82 ||   193

Table legend:
 A = Non-vault XP
 B = Vault XP
 C = Vault XP percentage of total XP
 D = Non-vault monster count
 E = Vault monster count
 F = Vault count percentage of total count
                 A         B        C        D         E       F
            +---------+---------+-------+---------+---------+-------
      Total |   10066 |    1564 |  13.4 |     253 |      35 |  12.2
            +---------+---------+-------+---------+---------+-------
        D:1 |      56 |       4 |   6.7 |      33 |       3 |   8.3
        D:2 |     149 |     251 |  62.8 |      30 |       2 |   6.2
        D:3 |     377 |      43 |  10.2 |      22 |      11 |  33.3
        D:4 |     356 |       0 |   0.0 |      27 |       0 |   0.0
        D:5 |    1009 |     169 |  14.3 |      22 |       1 |   4.3
        D:6 |     934 |      12 |   1.3 |      21 |       6 |  22.2
        D:7 |    1780 |       0 |   0.0 |      34 |       0 |   0.0
        D:8 |     712 |    1078 |  60.2 |      34 |       8 |  19.0
        D:9 |    4693 |       7 |   0.1 |      30 |       4 |  11.8
            +---------+---------+-------+---------+---------+-------
